| TOP OF THE 1ST |
|
Lake County Captains batting - Pitching for Greenville Drive : RHP Guillermo de Leon
|
|
Pitching: RHP Guillermo de Leon
|
|
|
Batting: RHB Toki Takeuchi
|
0-0: Called Strike 0-1: Ball 1-1: Ground out U3 (Groundball, 34, EV 100.0 MPH)
|
|
Batting: LHB Tim Fuller
|
0-0: Ground out U3 (Groundball, 3S, EV 86.2 MPH)
|
|
Batting: SHB Charlie Diesel
|
0-0: Ball 1-0: Ball 2-0: Fly out, F7 (Flyball, 78D, EV 90.0 MPH)
|
| Top of the 1st over - 0 runs, 0 hits, 0 errors, 0 left on base; Lake County 0 - Greenville 0 |
| BOTTOM OF THE 1ST |
|
Greenville Drive batting - Pitching for Lake County Captains : RHP Matt Zambon
|
|
Pitching: RHP Matt Zambon
|
|
|
Batting: RHB David Norum
|
0-0: Called Strike 0-1: SINGLE (Groundball, 4M, EV 97.5 MPH) (infield hit)
|
|
Batting: RHB Devon Fourcade
|
0-0: Called Strike David Norum is caught stealing 2nd base 2-4 0-1: Ground out 5-3 (Groundball, 56S, EV 70.6 MPH)
|
|
Batting: RHB Dan Friess
|
0-0: Ball 1-0: Called Strike 1-1: Foul Ball, location: 2F 1-2: Foul Ball, location: 2F 1-2: Ball 2-2: SINGLE (Groundball, 34D, EV 95.0 MPH)
|
|
Batting: RHB Larry Brocato
|
0-0: Called Strike 0-1: Foul Ball, location: 2F 0-2: Foul Ball, location: 2F 0-2: Ball 1-2: Strikes out swinging
|
| Bottom of the 1st over - 0 runs, 2 hits, 0 errors, 1 left on base; Lake County 0 - Greenville 0 |
| TOP OF THE 2ND |
|
Lake County Captains batting - Pitching for Greenville Drive : RHP Guillermo de Leon
|
|
Batting: SHB Travis Burnett
|
0-0: Swinging Strike 0-1: Ball 1-1: Called Strike 1-2: SINGLE (Groundball, 34D, EV 96.2 MPH)
|
|
Batting: RHB Adrian Martinelli
|
0-0: Called Strike 0-1: Swinging Strike 0-2: Ball 1-2: Strikes out swinging
|
|
Batting: RHB Danny Millsaps
|
0-0: Ball 1-0: Called Strike 1-1: Fielders Choice at 2nd, 6-4 (Groundball, 6, EV 102.5 MPH)
|
|
Batting: LHB Danny Moreno
|
0-0: Foul Ball, location: 2F 0-1: Ground out 4-3 (Groundball, 34, EV 89.4 MPH)
|
| Top of the 2nd over - 0 runs, 1 hit, 0 errors, 1 left on base; Lake County 0 - Greenville 0 |
| BOTTOM OF THE 2ND |
|
Greenville Drive batting - Pitching for Lake County Captains : RHP Matt Zambon
|
|
Batting: RHB Billy Ratz
|
0-0: Called Strike 0-1: Foul Ball, location: 2F 0-2: Foul Ball, location: 2F 0-2: Ball 1-2: Strikes out swinging
|
|
Batting: RHB Dave Nickerson
|
0-0: Called Strike 0-1: Called Strike 0-2: Ball 1-2: Ball 2-2: Strikes out swinging
|
|
Batting: RHB Jose Diaz
|
0-0: Ball 1-0: Called Strike 1-1: Ball 2-1: Swinging Strike 2-2: SINGLE (Line Drive, 5D, EV 103.8 MPH)
|
|
Batting: RHB Paul Long
|
Pickoff Throw to First - Error! E1 Jose Diaz to second 0-0: Fly out, F8 (Flyball, 89XD, EV 91.2 MPH)
|
| Bottom of the 2nd over - 0 runs, 1 hit, 1 error, 1 left on base; Lake County 0 - Greenville 0 |
| TOP OF THE 3RD |
|
Lake County Captains batting - Pitching for Greenville Drive : RHP Guillermo de Leon
|
|
Batting: LHB Ubbe de Bruin
|
0-0: Foul Ball, location: 2F 0-1: Swinging Strike 0-2: Ground out 6-3 (Groundball, 6M, EV 101.2 MPH)
|
|
Batting: RHB Carsten Koers
|
0-0: Ball 1-0: Ball 2-0: DOUBLE (Groundball, 5L, EV 104.4 MPH)
|
|
Pinch Runner at 2nd Justin Rankin:
|
|
|
Batting: RHB Toki Takeuchi
|
0-0: Ball 1-0: Called Strike 1-1: Swinging Strike 1-2: Ball 2-2: Ground out 6-3 (Groundball, 6, EV 81.2 MPH)
|
|
Batting: LHB Tim Fuller
|
0-0: Called Strike 0-1: Fly out, F7 (Flyball, 7D, EV 102.5 MPH)
|
| Top of the 3rd over - 0 runs, 1 hit, 0 errors, 1 left on base; Lake County 0 - Greenville 0 |
| BOTTOM OF THE 3RD |
|
Greenville Drive batting - Pitching for Lake County Captains : RHP Matt Zambon
|
|
Now at 2B: Justin Rankin
|
|
|
Now at 3B: Adrian Martinelli
|
|
|
Batting: RHB Erik Nunez
|
0-0: Called Strike 0-1: Called Strike 0-2: Foul Ball, location: 2F 0-2: Strikes out swinging
|
|
Batting: RHB David Norum
|
0-0: Called Strike 0-1: Ball 1-1: SINGLE (Groundball, 4MS, EV 70.0 MPH) (infield hit)
|
|
Batting: RHB Devon Fourcade
|
0-0: Fielders Choice at 2nd, 5-4 (Groundball, 5, EV 92.5 MPH)
|
|
Batting: RHB Dan Friess
|
0-0: Ball 1-0: Foul Ball, location: 2F 1-1: Ball 2-1: Foul Ball, location: 2F 2-2: Ball 3-2: Foul Ball, location: 2F 3-2: SINGLE (Flyball, 7S, EV 93.8 MPH) Devon Fourcade to second Devon Fourcade to third
|
|
Batting: RHB Larry Brocato
|
0-0: Fly out, F9 (Line Drive, 9D, EV 87.5 MPH)
|
| Bottom of the 3rd over - 0 runs, 2 hits, 0 errors, 2 left on base; Lake County 0 - Greenville 0 |
| TOP OF THE 4TH |
|
Lake County Captains batting - Pitching for Greenville Drive : RHP Guillermo de Leon
|
|
Batting: SHB Charlie Diesel
|
0-0: Ball 1-0: Foul Ball, location: 2F 1-1: Swinging Strike 1-2: Ball 2-2: Foul Ball, location: 2F 2-2: Strikes out swinging
|
|
Batting: SHB Travis Burnett
|
0-0: Called Strike 0-1: Ground out 4-3 (Groundball, 4, EV 93.8 MPH)
|
|
Batting: RHB Adrian Martinelli
|
0-0: Foul Ball, location: 2F 0-1: Ball 1-1: Ground out 1-3 (Groundball, 15, EV 68.1 MPH)
|
| Top of the 4th over - 0 runs, 0 hits, 0 errors, 0 left on base; Lake County 0 - Greenville 0 |
| BOTTOM OF THE 4TH |
|
Greenville Drive batting - Pitching for Lake County Captains : RHP Matt Zambon
|
|
Batting: RHB Billy Ratz
|
0-0: Ball 1-0: Ball 2-0: Called Strike 2-1: Ground out 5-3 (Groundball, 56, EV 86.9 MPH)
|
|
Batting: RHB Dave Nickerson
|
0-0: Ball 1-0: Swinging Strike 1-1: Ball 2-1: Called Strike 2-2: Strikes out looking
|
|
Batting: RHB Jose Diaz
|
0-0: Ball 1-0: Called Strike 1-1: Foul Ball, location: 2F 1-2: Foul Ball, location: 2F 1-2: Strikes out looking
|
| Bottom of the 4th over - 0 runs, 0 hits, 0 errors, 0 left on base; Lake County 0 - Greenville 0 |
| TOP OF THE 5TH |
|
Lake County Captains batting - Pitching for Greenville Drive : RHP Guillermo de Leon
|
|
Batting: RHB Danny Millsaps
|
0-0: Called Strike 0-1: Ball 1-1: Called Strike 1-2: Foul Ball, location: 2F 1-2: Strikes out looking
|
|
Batting: LHB Danny Moreno
|
0-0: SINGLE (Groundball, 34D, EV 97.5 MPH)
|
|
Batting: LHB Ubbe de Bruin
|
0-0: Called Strike 0-1: Swinging Strike 0-2: Ball 1-2: Ball 2-2: Fly out, F9 (Line Drive, 9D, EV 91.2 MPH)
|
|
Batting: LHB Justin Rankin
|
0-0: Ball 1-0: Ball 2-0: Ball 3-0: Called Strike 3-1: Called Strike 3-2: Fly out, F5 (Popup, 5S, EV 63.8 MPH)
|
| Top of the 5th over - 0 runs, 1 hit, 0 errors, 1 left on base; Lake County 0 - Greenville 0 |
| BOTTOM OF THE 5TH |
|
Greenville Drive batting - Pitching for Lake County Captains : RHP Matt Zambon
|
|
Batting: RHB Paul Long
|
0-0: Ball 1-0: Fly out, F7 (Flyball, 7LM, EV 103.8 MPH)
|
|
Batting: RHB Erik Nunez
|
0-0: Ball 1-0: Called Strike 1-1: Ball 2-1: Swinging Strike 2-2: Strikes out swinging
|
|
Batting: RHB David Norum
|
0-0: Ground out 5-3 (Groundball, 56, EV 110.6 MPH)
|
| Bottom of the 5th over - 0 runs, 0 hits, 0 errors, 0 left on base; Lake County 0 - Greenville 0 |
| TOP OF THE 6TH |
|
Lake County Captains batting - Pitching for Greenville Drive : RHP Guillermo de Leon
|
|
Batting: RHB Toki Takeuchi
|
0-0: Ball 1-0: Ball 2-0: Called Strike 2-1: SINGLE (Groundball, 4MD, EV 110.0 MPH)
|
|
Batting: LHB Tim Fuller
|
0-0: Ball 1-0: Ball Toki Takeuchi steals 2nd base 2-0: SINGLE (Line Drive, 7S, EV 90.6 MPH) Toki Takeuchi to third Runner from 3rd tries for Home, throw by LF and OUT! 7-2
|
|
Batting: SHB Charlie Diesel
|
0-0: Ball Pickoff Throw to First - Error! E1 Tim Fuller to second 1-0: Called Strike 1-1: Foul Ball, location: 2F 1-2: Foul Ball, location: 2F 1-2: Strikes out swinging
|
|
Batting: SHB Travis Burnett
|
0-0: Called Strike 0-1: Called Strike 0-2: Foul Ball, location: 2F 0-2: Ball 1-2: Foul Ball, location: 2F 1-2: Ball 2-2: Fly out, F8 (Flyball, 8LS, EV 96.2 MPH)
|
| Top of the 6th over - 0 runs, 2 hits, 1 error, 1 left on base; Lake County 0 - Greenville 0 |
| BOTTOM OF THE 6TH |
|
Greenville Drive batting - Pitching for Lake County Captains : RHP Matt Zambon
|
|
Batting: RHB Devon Fourcade
|
0-0: Ball 1-0: Foul Ball, location: 2F 1-1: Called Strike 1-2: Strikes out swinging
|
|
Batting: RHB Dan Friess
|
0-0: Ball 1-0: Called Strike 1-1: Ground out 6-3 (Groundball, 56, EV 109.4 MPH)
|
|
Batting: RHB Larry Brocato
|
0-0: Fly out, F4 (Popup, 34, EV 50.6 MPH)
|
| Bottom of the 6th over - 0 runs, 0 hits, 0 errors, 0 left on base; Lake County 0 - Greenville 0 |
| TOP OF THE 7TH |
|
Lake County Captains batting - Pitching for Greenville Drive : RHP Guillermo de Leon
|
|
Batting: RHB Adrian Martinelli
|
0-0: Called Strike 0-1: Called Strike 0-2: Strikes out looking
|
|
Batting: RHB Danny Millsaps
|
0-0: Ball 1-0: SINGLE (Groundball, 13S, EV 62.5 MPH) (infield hit)
|
|
Batting: LHB Danny Moreno
|
0-0: Ball 1-0: Fielders Choice at 2nd, 4-6 (Groundball, 4, EV 83.8 MPH)
|
|
Batting: LHB Ubbe de Bruin
|
0-0: Called Strike 0-1: Ground out 5-3 (Groundball, 15, EV 86.2 MPH)
|
| Top of the 7th over - 0 runs, 1 hit, 0 errors, 1 left on base; Lake County 0 - Greenville 0 |
| BOTTOM OF THE 7TH |
|
Greenville Drive batting - Pitching for Lake County Captains : RHP Matt Zambon
|
|
Batting: RHB Billy Ratz
|
0-0: Fly out, F6 (Flyball, 6D, EV 71.2 MPH)
|
|
Batting: RHB Dave Nickerson
|
0-0: Foul Ball, location: 2F 0-1: Ground out 6-3 (Groundball, 6, EV 84.4 MPH)
|
|
Batting: RHB Jose Diaz
|
0-0: Ground out 5-3 (Groundball, 5L, EV 100.0 MPH)
|
| Bottom of the 7th over - 0 runs, 0 hits, 0 errors, 0 left on base; Lake County 0 - Greenville 0 |
| TOP OF THE 8TH |
|
Lake County Captains batting - Pitching for Greenville Drive : RHP Guillermo de Leon
|
|
Batting: LHB Justin Rankin
|
0-0: SOLO HOME RUN (Flyball, 7D, EV 103.8 MPH), Distance : 397 ft
|
|
Batting: RHB Toki Takeuchi
|
0-0: Ball 1-0: Foul Ball, location: 2F 1-1: Called Strike 1-2: Ball 2-2: Foul Ball, location: 2F 2-2: Ball 3-2: Foul Ball, location: 2F 3-2: SOLO HOME RUN (Line Drive, 7D, EV 106.9 MPH), Distance : 413 ft
|
|
Pitching: LHP Jason Kell
|
|
|
Batting: LHB Tim Fuller
|
0-0: Foul Ball, location: 2F 0-1: Foul Ball, location: 2F 0-2: Strikes out swinging
|
|
Batting: SHB Charlie Diesel
|
0-0: Called Strike 0-1: Foul Ball, location: 2F 0-2: Fly out, F4 (Popup, 4D, EV 43.8 MPH)
|
|
Batting: SHB Travis Burnett
|
0-0: Ball 1-0: SINGLE (Groundball, 56D, EV 107.5 MPH)
|
|
Batting: RHB Adrian Martinelli
|
0-0: Ball 1-0: Swinging Strike 1-1: Called Strike 1-2: Strikes out swinging
|
| Top of the 8th over - 2 runs, 3 hits, 0 errors, 1 left on base; Lake County 2 - Greenville 0 |
| BOTTOM OF THE 8TH |
|
Greenville Drive batting - Pitching for Lake County Captains : RHP Matt Zambon
|
|
Batting: RHB Paul Long
|
0-0: Swinging Strike 0-1: Swinging Strike 0-2: Strikes out swinging
|
|
Pinch Hitting: LHB Sergio Tinoco
|
0-0: Ball 1-0: Foul Ball, location: 2F 1-1: Foul Ball, location: 2F 1-2: Ball 2-2: Fly out, F9 (Flyball, 9LM, EV 92.5 MPH)
|
|
Batting: RHB David Norum
|
0-0: Called Strike 0-1: Ball 1-1: Ball 2-1: Called Strike 2-2: Foul Ball, location: 2F 2-2: DOUBLE (Groundball, 5L, EV 94.4 MPH)
|
|
Pitching: RHP Malachi Shelton
|
|
|
Batting: RHB Devon Fourcade
|
0-0: Ball 1-0: 2-RUN HOME RUN (Line Drive, 7D, EV 110.0 MPH), Distance : 439 ft
|
|
Batting: RHB Dan Friess
|
0-0: Ground out 5-3 (Groundball, 56S, EV 88.1 MPH)
|
| Bottom of the 8th over - 2 runs, 2 hits, 0 errors, 0 left on base; Lake County 2 - Greenville 2 |
| TOP OF THE 9TH |
|
Lake County Captains batting - Pitching for Greenville Drive : LHP Jason Kell
|
|
Now at 1B: Sergio Tinoco
|
|
|
Now at SS: Larry Brocato
|
|
|
Batting: RHB Danny Millsaps
|
0-0: Ball 1-0: Swinging Strike 1-1: Swinging Strike 1-2: Ball 2-2: Foul Ball, location: 2F 2-2: Strikes out looking
|
|
Batting: LHB Danny Moreno
|
0-0: Fly out, F6 (Flyball, 4MD, EV 87.5 MPH)
|
|
Batting: LHB Ubbe de Bruin
|
0-0: Swinging Strike 0-1: Ball 1-1: Ball 2-1: Swinging Strike 2-2: Ball 3-2: Strikes out looking
|
| Top of the 9th over - 0 runs, 0 hits, 0 errors, 0 left on base; Lake County 2 - Greenville 2 |
| BOTTOM OF THE 9TH |
|
Greenville Drive batting - Pitching for Lake County Captains : RHP Malachi Shelton
|
|
Batting: RHB Larry Brocato
|
0-0: Ball 1-0: Called Strike 1-1: SINGLE (Groundball, 4MD, EV 96.9 MPH)
|
|
Pinch Hitting: SHB Rafael Perez
|
0-0: Foul Ball, location: 2F 0-1: Swinging Strike 0-2: Ball 1-2: Strikes out swinging
|
|
Batting: RHB Dave Nickerson
|
0-0: Ball 1-0: Foul Ball, location: 2F 1-1: Called Strike 1-2: Strikes out looking Larry Brocato steals 2nd base Batter strikes out.
|
|
Batting: RHB Jose Diaz
|
0-0: Ball 1-0: SINGLE (Line Drive, 4M, EV 98.1 MPH) Larry Brocato to third
|
|
Batting: RHB Paul Long
|
0-0: Ball 1-0: Swinging Strike 1-1: Ball 2-1: Foul Ball, location: 2F 2-2: Strikes out swinging
|
| Bottom of the 9th over - 0 runs, 2 hits, 0 errors, 2 left on base; Lake County 2 - Greenville 2 |
| TOP OF THE 10TH |
|
Lake County Captains batting - Pitching for Greenville Drive : LHP Jason Kell
|
|
Pitching: RHP Roberto Morales
|
|
|
Now in CF: David Clark
|
|
|
Batting: LHB Justin Rankin
|
0-0: Ball 1-0: Swinging Strike 1-1: Ball 2-1: Called Strike 2-2: Strikes out swinging
|
|
Batting: RHB Toki Takeuchi
|
0-0: Ball 1-0: Ball 2-0: Called Strike 2-1: Fly out, F8 (Flyball, 8LD, EV 86.9 MPH)
|
|
Batting: LHB Tim Fuller
|
0-0: Foul Ball, location: 2F 0-1: Called Strike 0-2: Ball 1-2: Ball 2-2: SINGLE (Flyball, 78S, EV 98.8 MPH)
|
|
Batting: SHB Charlie Diesel
|
0-0: Ball 1-0: Called Strike 1-1: Foul Ball, location: 2F 1-2: Ball Tim Fuller steals 2nd base 2-2: Ball 3-2: Intentional Walk
|
|
Batting: SHB Travis Burnett
|
0-0: Ball 1-0: 3-RUN HOME RUN (Flyball, 89XD, EV 115.6 MPH), Distance : 444 ft
|
|
Batting: RHB Adrian Martinelli
|
0-0: SINGLE (Groundball, 6M, EV 83.1 MPH) (infield hit)
|
|
Batting: RHB Danny Millsaps
|
0-0: Ball 1-0: Ball Wild Pitch! Adrian Martinelli to second 2-0: Ball 3-0: Base on Balls
|
|
Batting: LHB Danny Moreno
|
0-0: Ball 1-0: Called Strike 1-1: Ball 2-1: Ball 3-1: Fly out, F6 (Popup, 4MD, EV 48.8 MPH)
|
| Top of the 10th over - 3 runs, 3 hits, 0 errors, 2 left on base; Lake County 5 - Greenville 2 |
| BOTTOM OF THE 10TH |
|
Greenville Drive batting - Pitching for Lake County Captains : RHP Malachi Shelton
|
|
Pitching: RHP Ryan Southerland
|
|
|
Batting: LHB Sergio Tinoco
|
0-0: Ball 1-0: Foul Ball, location: 2F 1-1: Foul Ball, location: 2F 1-2: Ball 2-2: SINGLE (Groundball, 56D, EV 101.2 MPH)
|
|
Batting: RHB David Norum
|
0-0: Called Strike 0-1: Called Strike 0-2: DOUBLE (Line Drive, 78D, EV 110.6 MPH) Sergio Tinoco to third
|
|
Batting: RHB Devon Fourcade
|
0-0: Called Strike 0-1: Called Strike 0-2: Ball 1-2: Foul Ball, location: 2F 1-2: Foul Ball, location: 2F 1-2: Foul Ball, location: 2F 1-2: Strikes out swinging
|
|
Batting: RHB Dan Friess
|
0-0: DOUBLE (Line Drive, 7LM, EV 108.8 MPH) Sergio Tinoco scores David Norum scores
|
|
Batting: RHB Larry Brocato
|
0-0: Ball 1-0: Ball 2-0: Ball 3-0: Called Strike 3-1: Swinging Strike 3-2: Strikes out looking
|
|
Batting: RHB David Clark
|
0-0: Called Strike 0-1: Ball 1-1: Ball 2-1: Ball 3-1: Base on Balls
|
|
Batting: RHB Dave Nickerson
|
0-0: Called Strike 0-1: Foul Ball, location: 2F 0-2: Ball 1-2: Ground out 1-3 (Groundball, P, EV 71.9 MPH)
|
| Bottom of the 10th over - 2 runs, 3 hits, 0 errors, 2 left on base; Lake County 5 - Greenville 4 |
|